 Dungeon Crawl Stone Soup version 0.26-a0-682-g294304f6e8 (webtiles) character file.

Game seed: 17294969976646271462

(classic levelgen) 77 EnegeticOcto the Digger (level 4, -4/27 HPs)
             Began as a Halfling Earth Elementalist on Oct 20, 2020.
             Slain by an orc wizard
             ... wielding a +0 dagger
              (6 damage)
             ... on level 3 of the Dungeon.
             The game lasted 00:03:25 (508 turns).

EnegeticOcto the Digger (HaEE)                       Turns: 508, Time: 00:03:26

Health: -4/27      AC:  2    Str:  9    XL:     4   Next: 60%
Magic:  3/6        EV: 15    Int: 14    God:
Gold:   70         SH:  0    Dex: 14    Spells: 5/6 levels left

rFire    . . .     SeeInvis .   i - +0 hand axe (vorpal)
rCold    . . .     Faith    .   (shield restricted)
rNeg     . . .     Spirit   .   c - +0 robe
rPois    .         Reflect  .   (no helmet)
rElec    .         Harm     .   (no cloak)
rCorr    .         Rampage  .   (no gloves)
MR       .....                  (no boots)
Stlth    ++........             (no amulet)
HPRegen  0.09/turn              (no ring)
MPRegen  0.10/turn              (no ring)

@: no status effects
A: small, mutation resistance 1
a: no special abilities


You were on level 3 of the Dungeon.
You visited 1 branch of the dungeon, and saw 3 of its levels.

You collected 70 gold pieces.

Inventory:

Hand Weapons
 f - a +0 dagger
 i - a +0 vorpal hand axe (weapon)
Missiles
 a - 7 poisoned darts (quivered)
 b - 47 stones
 h - 4 boomerangs
Armour
 c - a +0 robe (worn)
Scrolls
 g - a scroll of remove curse {unknown}
 j - a scroll of enchant weapon {unknown}
Potions
 d - a potion of curing {@q1 !q}
 k - a potion of brilliance {unknown}


   Skills:
 - Level 2.1 Dodging
 - Level 2.1 Stealth
 - Level 1.5 Spellcasting
   Level 0.5 Transmutations
 + Level 5.0 Earth Magic


You had 5 spell levels left.
You knew the following spells:

 Your Spells              Type           Power        Failure   Level
a - Sandblast             Erth           ###...       3%          1

Your spell library contained the following spells:

 Spells                   Type           Power        Failure   Level
 Passwall                 Tmut/Erth      #.......     12%         2
 Stone Arrow              Conj/Erth      #.....       26%         3
 Petrify                  Tmut/Erth      #.......     61%         4
 Lee's Rapid Deconstruct  Erth           ###.......   65%         5


Dungeon Overview and Level Annotations

Branches:
Dungeon (3/15)

Altars:
Ashenzari


Innate Abilities, Weirdness & Mutations

You are small and have problems with some larger weapons.
You are somewhat resistant to further mutation.


Message History

The poisoned dart barely misses the giant cockroach.
The poisoned dart closely misses the orc.
The poisoned dart barely misses the orc.
The giant cockroach misses you.
Throwing (i - inventory. (/) - cycle)
a - 9 poisoned darts (quivered)
Press: ? - help, Shift-Dir - straight line, f/p - orc
Aim: an orc, wielding a +2 dagger of draining and wearing a +0 leather armour You throw a poisoned dart.
The poisoned dart barely misses the giant cockroach.
The poisoned dart hits the orc.
The giant cockroach barely misses you.
An orc priest comes into view. It is wielding a -1 trident.
An orc comes into view. It is wielding a +0 short sword.
The orc shouts!
The giant cockroach bites you but does no damage.
Casting: Sandblast (safe; 3% risk of failure)
Confirm with . or Enter, or press ? or * to list all spells.
Aiming: Sandblast (safe; 3% risk of failure)
Press: ? - help, Shift-Dir - straight line, f/p - orc
Aim: an orc, wielding a +2 dagger of draining and wearing a +0 leather armour The blast of sand hits the orc!
You kill the orc!
b - 50 stones The giant cockroach closely misses you.
The giant cockroach bites you but does no damage.
A goblin comes into view.
An orc comes into view. It is wielding a +0 whip.
The giant cockroach barely misses you.
The giant cockroach completely misses you.
The orc priest calls down the wrath of Beogh upon you.
Beogh smites you!
* * * LOW HITPOINT WARNING * * *
You hear a shout!
The giant cockroach closely misses you.
An orc comes into view. It is wielding a +0 trident.
It was a potion of curing.
You feel better. The giant cockroach bites you.
Really quaff
d - a potion of curing {@q1 !q}? [Y]es or [N]o only, please.
Really quaff
d - a potion of curing {@q1 !q}?
Okay, then.
Throwing (i - inventory. (/) - cycle)
a - 8 poisoned darts (quivered)
Press: ? - help, Shift-Dir - straight line, f - giant cockroach
Aim: a giant cockroach You throw a poisoned dart.
The poisoned dart hits the giant cockroach.
The orc shouts!
The giant cockroach misses you.
As you read the scroll labeled UXECYVUSSU, it crumbles to dust.
You feel strangely unstable.
It was a scroll of teleportation.
The giant cockroach barely misses you. The giant cockroach closely misses you.
You hit the orc but do no damage. You hit the giant cockroach.
You kill the giant cockroach!
The orc barely misses you. The orc hits you with a +0 short sword.
The goblin shouts!
You hit the orc.
The orc is moderately wounded.
You barely miss the orc. The orc barely misses you.
The orc completely misses you.
You hit the orc.
You kill the orc!
You closely miss the orc.
Your surroundings suddenly seem different.
An orc comes into view. It is wielding a +0 war axe.
Found a leather armour.
An orc, an orc priest and an orc wizard come into view.
Casting: Sandblast (safe; 3% risk of failure)
Confirm with . or Enter, or press ? or * to list all spells.
Press: ? - help, Shift-Dir - straight line, f - orc priest
Aim: an orc priest, wielding a +0 trident and wearing a +0 leather armour (asleep)
The blast of sand hits the orc priest.
The orc priest is moderately wounded.
The orc priest shouts!
b - 49 stones The orc wizard shouts!
You hear an angry hiss.
A frilled lizard comes into view.
Casting: Sandblast (safe; 3% risk of failure)
Confirm with . or Enter, or press ? or * to list all spells.
Aiming: Sandblast (safe; 3% risk of failure)
Press: ? - help, Shift-Dir - straight line, f/p - orc priest
Aim: an orc priest, wielding a +0 trident and wearing a +0 leather armour (moderately wounded)
The blast of sand hits the orc priest but does no damage.
The orc priest is moderately wounded.
b - 48 stones The orc shouts!
The orc wizard mumbles some strange words.
The orc wizard seems to speed up.
The orc priest hits you from afar with a +0 trident.
* * * LOW HITPOINT WARNING * * *
The orc closely misses you.
Casting: Sandblast (safe; 3% risk of failure)
Confirm with . or Enter, or press ? or * to list all spells.
Press: ? - help, Shift-Dir - straight line, p - orc priest The blast of sand hits the orc priest!
The orc priest is severely wounded.
b - 47 stones The orc hits you with a +0 club.
* * * LOW HITPOINT WARNING * * *
The orc priest hits you from afar with a +0 trident.
* * * LOW HITPOINT WARNING * * *
The orc wizard hits you with a +0 dagger.
You die...

.## ..#
..###..##
#...l...#
# #.......
#.#......#
#........#
#.ooo..#
#..o@..#
#......#
#####..[.#
..### ###


You could see an orc priest, an orc wizard (fast), 2 orcs and a frilled lizard.

Vanquished Creatures
  A scorpion (D:3)
  An ooze (D:1)
  2 orcs (D:3)
  2 giant cockroaches
  2 goblins
  2 hobgoblins
  2 bats
  A frilled lizard (D:1)
  4 kobolds
  3 rats
20 creatures vanquished.

Notes
Turn   | Place    | Note
-------+----------+-------------------------------------------
     0 | D:1      | EnegeticOcto the Halfling Earth Elementalist began the
                  | quest for the Orb.
     0 | D:1      | Reached XP level 1. HP: 11/11 MP: 3/3
    58 | D:1      | Reached XP level 2. HP: 17/17 MP: 1/4
   140 | D:1      | Found a broken altar of Ashenzari.
   362 | D:3      | Noticed a scorpion
   445 | D:3      | Killed a scorpion
   445 | D:3      | Reached skill level 4 in Earth Magic
   445 | D:3      | Reached XP level 3. HP: 15/21 MP: 5/5
   445 | D:3      | Reached XP level 4. HP: 20/27 MP: 6/6
   455 | D:3      | Reached skill level 5 in Earth Magic
   508 | D:3      | Slain by an orc wizard

Illustrated notes

Levels and vault maps discovered:
D:1:      dpeg_arrival_subterranean_lakeside_camping, layout_basic,
          nicolae_ashenzari_panopticon
D:2:      minmay_chambers_of_ones, layout_basic
D:3:      layout_rooms

Skill      XL: |  1  2  3  4 |
---------------+-------------+-----
Earth Magic    | 4 5 |  5.0
Dodging        | |  2.1
Stealth        | |  2.1
Spellcasting   | |  1.5
Transmutations | |  0.5

Action                   |  1- 3 |  4- 6 || total
-------------------------+-------+-------++-------
Melee: Hand axe          |    15 |    11 ||    26
       Dagger            |     5 |       ||     5
       Unarmed           |     1 |       ||     1
Throw: Dart              |     2 |     3 ||     5
       Boomerang         |     1 |     3 ||     4
 Cast: Sandblast         |    10 |     4 ||    14
  Use: Scroll            |       |     1 ||     1
       Potion            |       |     1 ||     1
Armor: Robe              |     7 |     2 ||     9
Dodge: Dodged            |    21 |    20 ||    41

Table legend: (Time is in decaauts)
 A = Elapsed time spent in this place.
 B = Non-inter-level travel time spent in this place.
 C = Inter-level travel time spent in this place.
 D = Time resting spent in this place.
 E = Time spent auto-exploring this place.
 F = Levels seen in this place.
 G = Mean time per level.
                   A        B        C        D        E       F      G
               +--------+--------+--------+--------+--------+-----+--------+
         Total |    520 |    518 |      2 |      0 |      0 |   3 |  173.3 |
       Dungeon |    520 |    518 |      2 |      0 |      0 |   3 |  173.3 |
               +--------+--------+--------+--------+--------+-----+--------+

Top non-repeatable levels by time:
     D:2: 226 daAuts
     D:1: 216 daAuts
     D:3: 77 daAuts
